 Dungeon Crawl Stone Soup version 0.29-a0-919-gd064cfad1c (webtiles) character file.

Game seed: 10918079155194694924

3 xian the Conjurer (level 1, 0/13 HPs)
             Began as a Formicid Conjurer on July 27, 2022.
             Slain by a giant cockroach (2 damage)
             ... on level 1 of the Dungeon.
             The game lasted 00:01:18 (111 turns).

xian the Conjurer (Formicid Conjurer)                Turns: 111, Time: 00:01:19

Health: 0/13       AC:  2    Str: 11    XL:     1   Next: 55%
Magic:  0/3        EV: 12    Int: 17    God:
Gold:   38         SH:  0    Dex: 12    Spells: 3/4 levels left

rFire   . . .      SeeInvis +   (no weapon)
rCold   . . .      Faith    .   (no shield)
rNeg    . . .      Spirit   .   a - +0 robe
rPois   .          Reflect  .   (helmet unavailable)
rElec   .          Harm     .   (no cloak)
rCorr   .          Rampage  .   (no gloves)
Will    .....                   (no boots)
Stlth   ++........              (no amulet)
HPRegen 0.04/turn               (no ring)
MPRegen 0.08/turn               (no ring)

@: no status effects
A: permanent stasis, dig shafts and tunnels, antennae 3, four strong arms
a: Dig, Shaft Self


You were on level 1 of the Dungeon.
You visited 1 branch of the dungeon, and saw 1 of its levels.

You collected 38 gold pieces.

Inventory:

Armour
 a - a +0 robe (worn)
Scrolls
 c - a scroll of poison {unknown}
Potions
 b - a potion of magic


   Skills:
 + Level 1.7 Dodging
 + Level 2.4 Stealth
 + Level 2.2 Spellcasting
 + Level 3.8 Conjurations


You had 3 spell levels left.
You knew the following spells:

 Your Spells              Type           Power      Damage    Failure   Level
a - Magic Dart            Conj           56%        1d5       4%          1

Your spell library contained the following spells:

 Spells                   Type           Power      Damage    Failure   Level
 Searing Ray              Conj           28%        2d5       6%          2
 Dazzling Flash           Conj/Hex       16%        N/A       26%         3
 Fulminant Prism          Conj/Hex       4%         3d6       65%         4
 Iskenderun's Mystic Bla  Conj/Tloc      8%         2d4       65%         4


Dungeon Overview and Level Annotations

Branches:
Dungeon (1/15)

Altars:


Innate Abilities, Weirdness & Mutations

You cannot be hasted, slowed, berserked, paralysed or teleported.
You can dig through walls and to a lower floor.
You have a pair of large antennae on your head. (SInv)
Your four strong arms can wield two-handed weapons with a shield.


Message History

The giant cockroach bites you.
You open the door. The bat barely misses you.
The giant cockroach closely misses you. The goblin closely misses you.
The giant cockroach closely misses you.
Found a robe.
The giant cockroach attacks as you move away!
The giant cockroach bites you. The bat closely misses you.
There is an open door here.
The goblin attacks as you move away! The goblin misses you.
The giant cockroach attacks as you move away!
The giant cockroach closely misses you. The bat closely misses you.
The bat hits you.
The giant cockroach attacks as you move away!
The giant cockroach barely misses you. The bat hits you but does no damage.
Unknown command.
The bat hits you but does no damage. The giant cockroach bites you.
You see here a frilled lizard corpse.
The bat completely misses you. The bat hits you.
* * * LOW HITPOINT WARNING * * *
You are too injured to fight recklessly!
Aiming: Magic Dart (safe; 4% risk of failure)
Press: ? - help, Q - select action, (/) - cycle Shift-Dir - straight line, f/p - giant cockroach
Aim: a giant cockroach (lightly wounded, 100% to hit)
The magic dart hits the bat.
The bat is heavily wounded.
The bat hits you.
* * * LOW HITPOINT WARNING * * *
The bat barely misses you.
Aiming: Magic Dart (safe; 4% risk of failure)
Press: ? - help, Q - select action, (/) - cycle Shift-Dir - straight line, f/p - giant cockroach
Aim: a giant cockroach (lightly wounded, 100% to hit)
The magic dart hits the bat.
You kill the bat!
The giant cockroach barely misses you.
You don't have enough magic to cast this spell.
Unknown command.
The giant cockroach attacks as you move away!
The giant cockroach bites you.
You die...

#...[..# #......# #......# ..
#......# .. #......## .
#.....†.# #.####'####g# {
#.#.......#B#
#......##.#@#####+###### .#
#####.....#.#.##......# ..#.#
#......##.#.#.##......# ..#.##
#...........#.##......###....
#.............##......#...#.#
##+#.#...####..'....†.#.#.#.#.
#......###.#.##......#.#.....
###.#...#..#.##......#.#..###
#..........#.##...#......#'..


You could see a giant cockroach and a goblin.

Vanquished Creatures
  A bat (D:1)
  A hobgoblin (D:1)
  A frilled lizard (D:1)
3 creatures vanquished.

Notes
Turn   | Place    | Note
-------+----------+-------------------------------------------
     0 | D:1      | xian the Formicid Conjurer began the quest for the Orb.
     0 | D:1      | Reached XP level 1. HP: 13/13 MP: 3/3
   111 | D:1      | Slain by a giant cockroach

Illustrated notes

Levels and vault maps discovered:
D:1:      minmay_arrival_four_loops, layout_basic

Action                   || total
-------------------------++-------
 Cast: Magic Dart        ||     8
Armor: Robe              ||     5
Dodge: Dodged            ||    21

Table legend: (Time is in decaauts)
 A = Elapsed time spent in this place.
 B = Non-inter-level travel time spent in this place.
 C = Inter-level travel time spent in this place.
 D = Time resting spent in this place.
 E = Time spent auto-exploring this place.
 F = Levels seen in this place.
 G = Mean time per level.
                   A        B        C        D        E       F      G
               +--------+--------+--------+--------+--------+-----+--------+
         Total |    111 |    111 |      0 |      0 |     49 |   1 |  111.0 |
       Dungeon |    111 |    111 |      0 |      0 |     49 |   1 |  111.0 |
               +--------+--------+--------+--------+--------+-----+--------+

Top non-repeatable levels by time:
     D:1: 111 daAuts
